 Dungeon Crawl Stone Soup version 0.18.1-5-g4a78601 (webtiles) character file.

352 GFox the Bolt Thrower (level 6, -2/49 HPs)
             Began as a Centaur Hunter on May 10, 2016.
             Slain by Sigmund
             ... wielding a +0 scythe
              (12 damage)
             ... on level 4 of the Dungeon.
             The game lasted 00:26:35 (3650 turns).

GFox the Bolt Thrower (Centaur Hunter)              Turns: 3650, Time: 00:26:35

Health: -2/49      AC:  5    Str: 16    XL:     6   Next: 35%
Magic:  6/6        EV:  9    Int: 10    God:
Gold:   141        SH:  0    Dex: 12    Spells: 0 memorised, 5 levels left

rFire  . . .     SeeInvis .     a - +1 hand crossbow
rCold  . . .     Gourm    .     c - +1 leather armour
rNeg   . . .     Faith    .     (no shield)
rPois  .         Spirit   .     (helmet restricted)
rElec  .         Dismiss  .     (no cloak)
rCorr  .         Reflect  .     (no gloves)
SustAt .         Harm     .     (no barding)
MR     .....                    (no amulet)
Stlth  +.........               (no ring)
                                (no ring)

@: very quick, not resistant to hostile enchantments, very unstealthy
A: hooves 3, horns 1, blink, deformed body, speed 2, strong 1, tough skin 3
a: Blink


You were on level 4 of the Dungeon.
You were not hungry.

You visited 1 branch of the dungeon, and saw 4 of its levels.

You collected 141 gold pieces.

Inventory:

Hand Weapons
 a - a +1 hand crossbow (weapon)
 b - a +0 short sword
Missiles
 d - 11 bolts (quivered)
 e - 37 arrows
Armour
 c - a +1 leather armour (worn)
Scrolls
 h - a scroll of identify
 i - a scroll of remove curse
Comestibles
 f - 2 bread rations
 g - 4 meat rations
 j - 2 chunks of flesh
 k - a slice of pizza
 l - a beef jerky
 m - a fruit


   Skills:
 + Level 2.3 Fighting
 + Level 7.4 Crossbows
 + Level 1.6 Armour
 + Level 1.9 Dodging
 + Level 0.7 Stealth


You had 5 spell levels left.
You didn't know any spells.

Dungeon Overview and Level Annotations

Branches:
Dungeon (4/15)
 Temple: D:4-7

Altars:
Dithmenos
Pakellas
Xom

Shops:
D:4 [

Annotations:
D:4 Sigmund


Innate Abilities, Weirdness & Mutations

You have hooves in place of feet.
Armour fits poorly on your strangely shaped body.
You cover ground very quickly.
You have extremely tough skin (AC +3).
You have a pair of small horns on your head.
You can translocate small distances at will.
Your muscles are strong. (Str +2)


Message History

You shoot a bolt.
You hear some strange, mumbled words.
A puff of flame appears from out of thin air!
The puff of flame hits you!
* * * LOW HITPOINT WARNING * * *
You aren't carrying any potions.
Read which item? (? for menu, Esc to quit)
Okay, then.
Firing (i - inventory):
d - 13 bolts (quivered)
Press: ? - help, Shift-Dir - straight line You shoot a bolt.
Something hits you.
* * * LOW HITPOINT WARNING * * *
Firing (i - inventory):
d - 12 bolts (quivered)
Press: ? - help, Shift-Dir - straight line, f - you Really target yourself?
Okay, then.
Firing (i - inventory):
d - 12 bolts (quivered)
Press: ? - help, Shift-Dir - straight line You shoot a bolt.
Something hits you!
You die...

#...#.# #####.# #...(..
#.# ...... #.# #....#
#.# # #....#
#.###.###..(.#
#..........{.#
#..##.###....#
#..##.###..@.#
#............#
#.##.).....###
#.##.......#
####.##.......##
#..............#
#.(............#
#..............#
#..............########


There were no monsters in sight!

Vanquished Creatures
  A giant frog zombie (D:3)
  2 hounds (D:4)
  A giant frog skeleton (D:3)
  Jessica (D:2)
  An orc wizard (D:3)
  A worker ant (D:3)
  A gnoll (D:1)
  7 adders
  2 oozes
  A worm (D:2)
  A dart slug (D:3)
  3 giant geckos
  4 orcs (D:3)
  6 bats
  3 giant cockroaches
  9 goblins
  4 hobgoblins
  3 jackals (D:2)
  3 quokkas
  5 giant newts
  8 kobolds
  9 rats
76 creatures vanquished.

Notes
Turn   | Place    | Note
--------------------------------------------------------------
     0 | D:1      | GFox the Centaur Hunter began the quest for the Orb.
     0 | D:1      | Reached XP level 1. HP: 17/17 MP: 1/1
    61 | D:1      | Found a shimmering altar of Xom.
   189 | D:1      | Reached XP level 2. HP: 24/24 MP: 2/2
   256 | D:1      | Reached skill level 5 in Crossbows
   359 | D:1      | Reached XP level 3. HP: 5/29 MP: 3/3
  1301 | D:2      | Noticed Jessica
  1306 | D:2      | Killed Jessica
  1306 | D:2      | Reached XP level 4. HP: 36/36 MP: 4/4
  1313 | D:2      | Gained mutation: Your muscles are strong. (Str +2) [potion of mutation]
  1313 | D:2      | Gained mutation: You can translocate small distances at will. [potion of mutation]
  1313 | D:2      | Gained mutation: You have a pair of small horns on your head. [potion of mutation]
  1610 | D:2      | Reached skill level 6 in Crossbows
  2091 | D:3      | Reached XP level 5. HP: 37/41 MP: 5/5
  2160 | D:3      | HP: 1/41 [orc wizard/dagger (3)]
  2161 | D:3      | Reached skill level 1 in Armour
  2188 | D:3      | HP: 1/41 [giant frog skeleton (2)]
  2589 | D:3      | Reached skill level 7 in Crossbows
  2826 | D:3      | Found an oddly glowing altar of Pakellas.
  2896 | D:3      | Reached XP level 6. HP: 26/49 MP: 6/6
  3045 | D:3      | Found a shadowy altar of Dithmenos.
  3556 | D:4      | Found Puevym's Antique Armour Shoppe.
  3631 | D:4      | Noticed Sigmund
  3650 | D:4      | Slain by Sigmund

Skill      XL: |  1  2  3  4  5 |
---------------+----------------+-----
Crossbows      | 5 6 7 |  7.4
Armour         | 1 |  1.6
Fighting       | |  2.3
Dodging        | |  1.9
Stealth        | |  0.7

Action                   |  1- 3 |  4- 6 || total
-------------------------+-------+-------++-------
Melee: Hand crossbow     |       |     1 ||     1
 Fire: Hand crossbow     |    61 |   160 ||   221
  Use: Scroll            |     3 |     4 ||     7
       Potion            |     1 |     4 ||     5
  Eat: Chunk             |       |     3 ||     3
       Meat ration       |       |     1 ||     1
Armor: Leather armour    |    10 |    25 ||    35
Dodge: Dodged            |    15 |    39 ||    54
